 Seeded DCSS version 0.29.1-13-g9f3cf754e1 (webtiles) character file.

Game seed: 16245865983455551772 (custom seed)

1126774 hikkokomori the Slayer (level 27, -4/177 HPs)
             Began as an Octopode Conjurer on Jan 18, 2023.
             Was an Initiate of Gozag.
             Killed from afar by a hellion (20 damage)
             ... with damnation
             ... on level 7 of Gehenna on Jan 20, 2023.
             The game lasted 06:16:02 (113693 turns).

hikkokomori the Slayer (Octopode Conjurer)        Turns: 113693, Time: 06:16:02

Health: -4/177     AC: 10    Str: 20 (21) XL:     27
Magic:  39/53      EV: 38    Int: 48      God:    Gozag
Gold:   4407       SH: 20    Dex: 24 (26) Spells: 13/71 levels left

rFire   + + +      SeeInvis +   u - +5 scimitar of Dismemberment {vorpal, *Corrode rC+++ Int+4}
rCold   + + +      Faith    .   J - +3 kite shield {rF+}
rNeg    + + +      Spirit   .   R - +1 hat "Ucuef" {Will+ Slay+3 Stlth+}
rPois   .          Reflect  +   V - amulet "Kiqahov" {Reflect Contam rF++ rC+++ Int-3 SH+5}
rElec   +          Harm     .   b - ring "Fekaus Cote" {+Blink rN+ Will- Str+3 Int+6}
rCorr   .          Rampage  .   g - ring "Banof" {Wiz rN+ Int+4 Slay-5}
Will    +++++                   E - ring "Ozus" {EV+4 Str+7} Stlth *+++++++++
                                Y - ring of Dithmenos's Reproof {rC+ AC+4 Str-5 Dex+5}
HPRegen 0.39/turn               o - ring "Teicem" {rC+ AC+4 Str+2}
MPRegen 0.33/turn               W - ring of the Cricket {rF- rN+ Str+6 Int+4 Slay+3}
                                L - ring of Obsession {Will+++ MP+9 Str-5 Int+6 SInv}
                                K - ring "Vokug" {rElec rF+ Will+ Str+6 Dex+4}

@: wereblooded, gold aura, blinkbolt cooldown, hasted, studying 2 skills, unable
to read, very quick
A: almost no armour, amphibious, 8 rings, camouflage 1, gelatinous body 1,
(nimble swimmer 1), tentacles, cold resistance 2, deterioration 1, frail 2, low
MP 1, noise suppression
}: 10/15 runes: decaying, serpentine, slimy, silver, bone, demonic, glowing,
magical, fiery, dark
a: Renounce Religion, Evoke Blink, Potion Petition, Call Merchant, Bribe Branch


You were on level 7 of Gehenna.
You worshipped Gozag.
Gozag was most pleased with you.
You visited 15 branches of the dungeon, and saw 69 of its levels.
You visited Pandemonium 3 times, and saw 45 of its levels.
You visited the Abyss 2 times.
You visited 1 bazaar.
You also visited: Trove and Ice Cave.

You collected 54170 gold pieces.
You spent 15714 gold pieces at shops.
You paid 34049 gold pieces to Gozag.

Inventory:

Hand Weapons
 t - the +7 arbalest "Bueskuc" {penet, rF+ rN+ Stlth+}
   (You found it on level 7 of Tartarus)

   Any ammunition fired by it passes through the targets it hits, potentially
   hitting all targets in its path until it reaches maximum range.
   rF:        It protects you from fire.
   rN:        It protects you from negative energy.
   Stlth:     It makes you more stealthy.
 u - the +5 scimitar of Dismemberment (weapon) {vorpal, *Corrode rC+++ Int+4}
   (You found it on level 5 of the Vaults)

   It inflicts extra damage upon your enemies.
   Int:       It affects your intelligence (+4).
   rC:        It renders you almost immune to cold.
   *Corrode:  It may corrode you when you take damage.
 S - the +2 Maxwell's thermic engine {flame, freeze}
   (You found it on level 7 of Tartarus)

   It burns those it strikes, dealing additional fire damage.
   Big, fiery blades are also staple armaments of hydra-hunters.
   It freezes those it strikes, dealing additional cold damage.
   It can also slow down cold-blooded creatures.
   It becomes more effective when it hits something.
   This effect fades over time.
Armour
 J - a +3 kite shield of fire resistance (worn)
 R - the +1 hat "Ucuef" (worn) {Will+ Slay+3 Stlth+}
   (You bought it in a shop on level 2 of the Orcish Mines)

   Slay:      It affects your accuracy & damage with ranged weapons and melee
   (+3).
   Will:      It increases your willpower.
   Stlth:     It makes you more stealthy.
Jewellery
 b - the ring "Fekaus Cote" (left tentacle) {+Blink rN+ Will- Str+3 Int+6}
   (You acquired it on level 2 of the Dungeon)

   [ring of positive energy]

   Str:       It affects your strength (+3).
   Int:       It affects your intelligence (+6).
   rN:        It protects you from negative energy.
   +Blink:    It lets you blink.
   Will:      It decreases your willpower.
 g - the ring "Banof" (right tentacle) {Wiz rN+ Int+4 Slay-5}
   (You found it on level 3 of the Depths)

   [ring of wizardry]

   It improves your spell success rate.
   Int:       It affects your intelligence (+4).
   Slay:      It affects your accuracy & damage with ranged weapons and melee
   (-5).
   rN:        It protects you from negative energy.
 h - the amulet "Fiydghocwa" {RegenMP SInv}
   (You found it in Pandemonium)

   [amulet of magic regeneration]

   It increases your rate of magic regeneration.
   SInv:      It lets you see invisible.
 o - the ring "Teicem" (on tentacle) {rC+ AC+4 Str+2}
   (You found it on level 3 of the Depths)

   [ring of protection]

   AC:        It affects your AC (+4).
   Str:       It affects your strength (+2).
   rC:        It protects you from cold.
 y - the ring "Put-Me-On" {rC+ Dex+6}
   (You acquired it on level 8 of the Dungeon)

   [ring of dexterity]

   Dex:       It affects your dexterity (+6).
   rC:        It protects you from cold.
 z - a +6 ring of intelligence
 E - the ring "Ozus" (on tentacle) {EV+4 Str+7}
   (You acquired it on level 5 of the Vaults)

   [ring of evasion]

   EV:        It affects your evasion (+4).
   Str:       It affects your strength (+7).
 F - the ring of Gapu {rF+ rN+ Dex+2 Stlth+}
   (You bought it in a shop on level 3 of the Lair of Beasts)

   [ring of positive energy]

   Dex:       It affects your dexterity (+2).
   rF:        It protects you from fire.
   rN:        It protects you from negative energy.
   Stlth:     It makes you more stealthy.
 I - the ring of Lugonu's Condemnation {rF++ rCorr Str+4 Int-2 SInv}
   (You found it on level 3 of the Depths)

   [ring of see invisible]

   Str:       It affects your strength (+4).
   Int:       It affects your intelligence (-2).
   rF:        It greatly protects you from fire.
   SInv:      It lets you see invisible.
   rCorr:     It protects you from acid and corrosion.
 K - the ring "Vokug" (on tentacle) {rElec rF+ Will+ Str+6 Dex+4}
   (You bought it in a shop on level 7 of the Dungeon)

   [ring of strength]

   Str:       It affects your strength (+6).
   Dex:       It affects your dexterity (+4).
   rF:        It protects you from fire.
   rElec:     It insulates you from electricity.
   Will:      It increases your willpower.
 L - the ring of Obsession (on tentacle) {Will+++ MP+9 Str-5 Int+6 SInv}
   (You bought it in a shop on level 7 of the Dungeon)

   [ring of intelligence]

   Str:       It affects your strength (-5).
   Int:       It affects your intelligence (+6).
   MP:        It affects your magic capacity (+9).
   SInv:      It lets you see invisible.
   Will:      It greatly increases your willpower.
 V - the amulet "Kiqahov" (around mantle) {Reflect Contam rF++ rC+++ Int-3 SH+5}
   (You bought it in a shop on level 3 of the Depths)

   [amulet of reflection]

   It reflects blocked missile attacks.
   Int:       It affects your intelligence (-3).
   rF:        It greatly protects you from fire.
   rC:        It renders you almost immune to cold.
   Contam:    It causes magical contamination when unequipped.
   SH:        It affects your SH (+5).
 W - the ring of the Cricket (on tentacle) {rF- rN+ Str+6 Int+4 Slay+3}
   (You bought it in a shop on level 3 of the Lair of Beasts)

   [ring of strength]

   Str:       It affects your strength (+6).
   Int:       It affects your intelligence (+4).
   Slay:      It affects your accuracy & damage with ranged weapons and melee
   (+3).
   rF:        It makes you vulnerable to fire.
   rN:        It protects you from negative energy.
 X - the ring "Wasoodipp" {Ice Str+4 Dex+4}
   (You found it on level 5 of the Vaults)

   [ring of ice]

   It enhances your ice magic.
   Str:       It affects your strength (+4).
   Dex:       It affects your dexterity (+4).
   rF:        It makes you vulnerable to fire.
   rC:        It protects you from cold.
 Y - the ring of Dithmenos's Reproof (on tentacle) {rC+ AC+4 Str-5 Dex+5}
   (You acquired it on level 1 of the Depths)

   [ring of protection]

   AC:        It affects your AC (+4).
   Str:       It affects your strength (-5).
   Dex:       It affects your dexterity (+5).
   rC:        It protects you from cold.
Wands
 j - a wand of flame (16)
 k - a wand of charming (63)
 l - a wand of quicksilver (32)
 n - a wand of roots (82)
 v - a wand of polymorph (18)
 O - a wand of digging (9)
 U - a wand of mindburst (26)
Scrolls
 e - 33 scrolls of teleportation
 f - 4 scrolls of fear
 m - 6 scrolls of summoning
 p - 12 scrolls of enchant armour
 q - 12 scrolls of immolation
 A - 20 scrolls of amnesia
 G - 16 scrolls of magic mapping
 P - 7 scrolls of blinking
 Z - a scroll of silence
Potions
 a - 6 potions of magic
 c - 15 potions of might
 d - 6 potions of ambrosia
 i - 17 potions of lignification
 r - 8 potions of berserk rage
 s - 21 potions of brilliance
 w - 17 potions of heal wounds
 x - 29 potions of curing
 B - 12 potions of attraction
 C - 3 potions of invisibility
 D - 3 potions of resistance
 M - 5 potions of cancellation
 Q - 5 potions of haste
 T - 8 potions of mutation
Miscellaneous
 H - a condenser vane
 N - a lightning rod (4/4)


   Skills:
 - Level 26.6 Fighting
 - Level 5.6 Short Blades
 - Level 24.0 Dodging
 - Level 22.3 Stealth
 + Level 7.8 Shields
 - Level 26.2 Unarmed Combat
 + Level 22.5 Spellcasting
 - Level 21.0 Conjurations
 - Level 9.7 Translocations
 - Level 22.0 Transmutations
 - Level 3.1 Ice Magic
 + Level 26.1 Air Magic
 - Level 7.3 Poison Magic
 - Level 10.5 Evocations


You had 13 spell levels left.
You knew the following spells:

 Your Spells              Type           Power      Damage    Failure   Level
a - Magic Dart            Conj           100%       1d8       0%          1
b - Poisonous Vapours     Pois/Air       100%       N/A       0%          2
c - Olgreb's Toxic Radia  Pois           90%        N/A       1%          4
d - Iskenderun's Mystic   Conj/Tloc      100%       2d19      0%          4
e - Storm Form            Tmut/Air       68%        N/A       1%          7
f - Blink                 Tloc           100%       N/A       0%          2
g - Swiftness             Air            100%       N/A       0%          3
h - Wereblood             Tmut           100%       N/A       0%          2
i - Yara's Violent Unrav  Hex/Tmut       51%        3d20      1%          5
j - Ignite Poison         Fire/Tmut/Pois 99%        N/A       1%          3
k - Chain Lightning       Conj/Air       68%        3d90      1%          9
l - Manifold Assault      Tloc           99%        N/A       1%          5
m - Ozocubu's Armour      Ice            71%        N/A       1%          3
n - Maxwell's Capacitive  Air            70%        ∞         1%          8

Your spell library contained the following spells:

 Spells                   Type           Power      Damage    Failure   Level
 Apportation              Tloc           100%       N/A       0%          1
 Beastly Appendage        Tmut           100%       N/A       0%          1
 Foxfire                  Conj/Fire      100%       2x1d9     0%          1
 Shock                    Conj/Air       100%       1d9       0%          1
 Sting                    Tmut/Pois      100%       1d8       0%          1
 Searing Ray              Conj           100%       2d8       0%          2
 Static Discharge         Conj/Air       100%       3-16/arc  0%          2
 Mephitic Cloud           Conj/Pois/Air  100%       N/A       0%          3
 Spider Form              Tmut/Pois      100%       N/A       0%          3
 Airstrike                Air            70%        2d(11-27) 0%          4
 Blade Hands              Tmut           66%        N/A       0%          5
 Freezing Cloud           Conj/Ice/Air   60%        6-21      0%          5
 Irradiate                Conj/Tmut      65%        3d33      0%          5
 Iskenderun's Battlesphe  Conj           100%       2d15      0%          5
 Lightning Bolt           Conj/Air       68%        1d92      0%          5
 Conjure Ball Lightning   Conj/Air       68%        3x3d25    0%          6
 Freeze                   Ice            100%       1d11      1%          1
 Necrotise                Necr           100%       1d9       1%          1
 Sandblast                Erth           100%       2d20      1%          1
 Slow                     Hex            100%       N/A       1%          1
 Summon Small Mammal      Summ           100%       N/A       1%          1
 Ensorcelled Hibernation  Hex/Ice        100%       N/A       1%          2
 Scorch                   Fire           100%       2d10      1%          2
 Sublimation of Blood     Necr           52%        N/A       1%          2
 Call Canine Familiar     Summ           52%        N/A       1%          3
 Confusing Touch          Hex            52%        N/A       1%          3
 Conjure Flame            Conj/Fire      100%       6-21      1%          3
 Dazzling Flash           Conj/Hex       100%       N/A       1%          3
 Frozen Ramparts          Ice            100%       1d16      1%          3
 Gell's Gravitas          Tloc           99%        N/A       1%          3
 Inner Flame              Hex/Fire       52%        N/A       1%          3
 Lesser Beckoning         Tloc           99%        N/A       1%          3
 Portal Projectile        Hex/Tloc       100%       N/A       1%          3
 Stone Arrow              Conj/Erth      100%       3d13      1%          3
 Summon Guardian Golem    Hex/Summ       52%        N/A       1%          3
 Teleport Other           Tloc           99%        N/A       1%          3
 Tukima's Dance           Hex            52%        N/A       1%          3
 Vampiric Draining        Necr           52%        2d9       1%          3
 Flame Wave               Conj/Fire      100%       2d21      1%          4
 Fulminant Prism          Conj/Hex       50%        3d23      1%          4
 Hailstorm                Conj/Ice       100%       3d20      1%          4
 Ice Form                 Ice/Tmut       100%       N/A       1%          4
 Passage of Golubria      Tloc           99%        N/A       1%          4
 Petrify                  Tmut/Erth      100%       N/A       1%          4
 Sticky Flame             Conj/Fire      100%       2d11      1%          4
 Summon Ice Beast         Ice/Summ       62%        N/A       1%          4
 Summon Lightning Spire   Summ/Air       100%       N/A       1%          4
 Fireball                 Conj/Fire      50%        3d20      1%          5
 Silence                  Hex/Air        54%        N/A       1%          5
 Summon Forest            Summ/Tloc      39%        N/A       1%          5
 Dispersal                Tloc           49%        N/A       1%          6
 Eringya's Noxious Bog    Tmut/Pois      57%        N/A       1%          6
 Iron Shot                Conj/Erth      50%        9d10      1%          6
 Starburst                Conj/Fire      50%        6d14      1%          6
 Statue Form              Tmut/Erth      68%        N/A       1%          6
 Dragon Form              Tmut           66%        N/A       1%          7
 Orb of Destruction       Conj           65%        9d15      1%          7
 Anguish                  Hex/Necr       26%        N/A       2%          4
 Dispel Undead            Necr           52%        3d19      2%          4
 Spellforged Servitor     Conj/Summ      50%        N/A       3%          7
 Metabolic Englaciation   Hex/Ice        31%        N/A       4%          5
 Agony                    Necr           52%        N/A       8%          5
 Lee's Rapid Deconstruct  Erth           26%        3d15*     8%          5
 Summon Mana Viper        Hex/Summ       52%        N/A       8%          5
 Necromutation            Tmut/Necr      51%        N/A       21%         8
 Lehudib's Crystal Spear  Conj/Erth      50%        10d12     24%         8
 Malign Gateway           Summ/Tloc      39%        N/A       30%         7
 Disjunction              Tloc           49%        N/A       32%         8
 Death Channel            Necr           26%        N/A       38%         6
 Summon Cactus Giant      Summ           26%        N/A       38%         6
 Ozocubu's Refrigeration  Ice            35%        4d15      52%         7
 Enfeeble                 Hex            26%        N/A       90%         7
 Summon Hydra             Summ           26%        N/A       90%         7
 Fire Storm               Conj/Fire      50%        8d13      97%         9
 Borgnjor's Revivificati  Necr           26%        N/A       100%        8
 Discord                  Hex            26%        N/A       100%        8
 Ignition                 Fire           26%        3d9       100%        8
 Summon Horrible Things   Summ           26%        N/A       100%        8
 Death's Door             Necr           26%        N/A       100%        9
 Shatter                  Erth           26%        3d22*     100%        9
 Corpse Rot               Necr/Pois/Air  Unusable   N/A       N/A         4
 Animate Dead             Necr           Unusable   N/A       N/A         4
 Simulacrum               Ice/Necr       Unusable   N/A       N/A         6

Dungeon Overview and Level Annotations

Branches:
Dungeon (15/15)            Temple (1/1) D:5            Lair (5/5) D:8
  Swamp (4/4) Lair:3        Snake (4/4) Lair:2        Slime (5/5) Lair:4
    Orc (2/2) D:12            Elf (3/3) Orc:2        Vaults (5/5) D:13
  Crypt (0/3) Vaults:3     Depths (4/4) D:15           Hell (visited)
    Dis (0/7) Hell            Geh (7/7) Hell            Coc (1/7) Hell
    Tar (7/7) Hell            Zot (5/5) Depths:4      IceCv (visited)

Altars:
Ashenzari
Cheibriados
Dithmenos
Elyvilon
Fedhas
Gozag
Hepliaklqana
Makhleb
Nemelex Xobeh
Okawaru
Qazlal
Ru
Sif Muna
Uskayaw
Vehumet
Xom
Yredelemnul
Zin

Shops:
D:3 [   D:4 *:[   D:7 =   D:15 [   Orc:1 *   Orc:2 ([((   Elf:2 =*=
Lair:1 ***   Lair:3 *=   Snake:2 [[:   Snake:3 (   Vaults:1 (*:*   Vaults:4 =
Vaults:5 **   Tar:7 *   Zot:5 =   Depths:1 *   Depths:2 (!*!=   Depths:3 ==:*

Portals:
Hell: Depths:1 Depths:2 Depths:3 Depths:4
Abyss: Depths:3
Pandemonium: Depths:2
Ziggurat: Depths:2

Annotations:
Elf:1 1 runed translucent door
Geh:7 Asmodeus
Zot:3 6 runed translucent doors


Innate Abilities, Weirdness & Mutations

You cannot wear most types of armour.
You are amphibious.
You can wear up to eight rings at the same time.
Your skin changes colour to match your surroundings (Stealth+).
Your rubbery body absorbs attacks. (AC +1, EV +1)
((You are camouflaged when in or above water. (Stealth+)))
You have tentacles for arms and can constrict up to eight enemies at once.
Your flesh is very cold resistant. (rC++)
Your body sometimes deteriorates upon taking damage.
You are very frail. (-20% HP)
Your magical capacity is low. (-10% MP)
You passively dampen the noise of your surroundings.


Message History

You hear a hideous shriek!
A hellion opens the huge gate.
Unknown command.
Unknown command.
You feel yourself speed up.
You bellow as the wereblood boils in your veins!
Asmodeus gestures.
The Brimstone Fiend gestures at you.
The sphere of damnation explodes!
The damnation engulfs you!
The damnation engulfs the Brimstone Fiend.
The Brimstone Fiend completely resists.
Unknown command.
Aiming: Blinkbolt
Press: ? - help, Dir - move target, f - hellion
Aim: a hellion (94% to hit)
The shock of your passage hits the hellion!!!
You kill the hellion!
You blink.
The Brimstone Fiend calls on the powers of darkness!
Your body is wracked with pain!
* * * LOW HITPOINT WARNING * * *
Your body deteriorates!
You feel clumsy.
Unknown command.
You reach down and open the huge gate.
A hellion and a balrug come into view.
The hellion gives a hideous shriek!
The balrug shouts!
Found 42 gold pieces, a book of the Hunter and Asmodeus's Secrets of Conjuring.
The hellion gestures at you.
The sphere of damnation explodes!
The damnation engulfs you!!!
* * * LOW HITPOINT WARNING * * *
Your body deteriorates!
You feel clumsy.
There is a huge open gate here.
Your transformation has ended.
The +5 scimitar of Dismemberment {vorpal, *Corrode rC+++ Int+4} unmelds from your body.
The +1 hat "Ucuef" {Will+ Slay+3 Stlth+} unmelds from your body.
Your +3 kite shield of fire resistance unmelds from your body.
You feel resistant to fire. The hellion gestures at you.
The sphere of damnation explodes!
The damnation engulfs you!!
You die...
Your body crumbles into a pile of gold.

#################
######### #########
#.......# #.......#
#.8..$.'####'$...8.#
#.....')'..'''.....#
#....##'....'##....#
#...#####°1## ##...#
#..'## #&'# ##'..#
#.'''# .§§°& #'@'.#
$ ###'.##§....○
#$2### $$
#.|##$§§.1$##:2# $
#.[##$$..$$##:.# $
###$.##$$$$$$##$+#
$$ #.'$'##$$|φ$$##+
$ #..'## #.$.##
#....## $ $


You could see a balrug and a hellion.

Vanquished Creatures
  Cerebov (Pan)
  the Royal Jelly (Slime:5)
  Gloorx Vloq (Pan)
  Ereshkigal (Tar:7)
  26 pandemonium lords (Pan)
  A seraph (Pan)
  Mnoleg (Pan)
  Lom Lobon (Pan)
  7 dread liches
  Tiamat (Zot:4)
  2 ancient liches (Zot:5)
  4 orbs of fire (Zot:5)
  A juggernaut (Depths:4)
  Frederick (Depths:3)
  12 Killer Klowns
  Saint Roka (Vaults:1)
  3 curse toes (Zot:5)
  5 caustic shrikes
  10 golden dragons
  Geryon (Hell)
  26 profane servitors
  2 pearl dragons (Pan)
  The ghost of TuffENuff the Warrior, an adept FoFi of Cheibriados (Snake:4)
  5 electric golems
  9 doom hounds
  11 bone dragons
  20 Brimstone Fiends
  10 hellephants
  10 tentacled monstrosities
  8 Hell Sentinels (Pan)
  A spectral shard shrike (Tar:5)
  37 Tzitzimimeh
  4 liches
  25 Orb Guardians (Zot:5)
  Zenata (Elf:1)
  A walking crystal tome (Depths:3)
  11 Ice Fiends (Pan)
  11 searing wretches
  Jorgrun (Swamp:2)
  26 tainted leviathans
  3 quicksilver dragons
  A walking frostbound tome (Depths:3)
  3 titans
  2 deep elf blademasters (Elf:3)
  A walking divine tome (Depths:3)
  2 deep elf master archers (Elf:3)
  22 acid blobs
  7 sphinxes
  39 Executioners (Pan)
  An eldritch tentacle (Pan)
  Frances (Elf:1)
  A tentacled starspawn (Abyss:3)
  5 death cobs
  3 tengu reavers
  The ghost of Axikluogo the Severer, an adept MiCA of Ignis (Swamp:2)
  8 shadow dragons
  15 nagarajas (Snake:4)
  Donald (Orc:2)
  6 azure jellies
  5 draconian monks
  12 rockslimes
  Kirke (Lair:4)
  16 storm dragons
  37 daevas
  A thorn hunter (Swamp:4)
  The ghost of stormannn the Eclecticist, an adept DECj of Vehumet (Elf:3)
  The ghost of Ypsiuj the Thaumaturge, an adept GnSk of Makhleb (Swamp:2)
  25 demonspawn warmongers (Pan)
  2 revenants (Tar:1)
  10 frost giants
  8 draconian knights
  4 iron dragons
  10 draconian scorchers
  30 fire giants
  3 orc warlords
  An emperor scorpion (shapeshifter) (Vaults:5)
  5 spectral juggernauts
  61 balrugs
  31 cacodemons
  12 vault wardens
  3 deep elf elementalists (Elf:3)
  4 draconian shifters
  11 ghost moths
  3 curse skulls
  7 deep elf sorcerers
  3 spectral caustic shrikes
  A spriggan defender (Depths:4)
  31 reapers
  21 demonspawn corrupters (Pan)
  11 draconian stormcallers
  32 angels (Pan)
  8 war gargoyles
  22 demonspawn blood saints (Pan)
  8 draconian annihilators
  10 quicksilver oozes
  16 ophanim (Pan)
  5 ironbound thunderhulks
  14 stone giants
  13 ironbound preservers
  6 vampire knights
  47 apis (Pan)
  6 very ugly things
  An eleionoma (Swamp:2)
  29 demonspawn black suns (Pan)
  8 green draconians
  13 purple draconians
  8 yellow draconians
  7 deep elf demonologists
  23 putrid mouths
  4 bunyips
  6 dire elephants
  49 lorocyprocas
  5 halazid warlocks (Tar:1)
  12 black draconians
  12 white draconians
  18 red draconians
  5 spectral titans
  An entropy weaver (Vaults:2)
  6 deep elf annihilators
  A wendigo (Coc:1)
  49 blizzard demons
  A crystal guardian (Vaults:4)
  4 deep elf death magi (Elf:3)
  3 eidola
  13 ettins
  3 shambling mangroves
  2 spectral iron giants
  33 green deaths
  10 yaktaur captains
  3 spectral golden dragons (Depths:2)
  Josephine (D:14)
  4 jiangshi
  A spectral kraken (Tar:7)
  5 deep elf high priests
  12 fire dragons
  9 great orbs of eyes
  A quicksilver dragon skeleton (Depths:2)
  7 spriggan air magi
  32 vault guards
  33 hydras
  3 spectral shadow dragons (Depths:2)
  Fannar (D:10)
  An ogre mage (Vaults:5)
  3 rakshasas (Pan)
  2 spectral tengu (Depths:2)
  7 ice dragons
  2 spectral sphinxes (Depths:2)
  13 hell beasts (Pan)
  5 boulder beetles
  Erolcha (Orc:2)
  17 salamander tyrants
  2 peacekeepers
  5 ironbound frosthearts
  22 naga warriors
  4 juggernaut simulacra
  12 stokers
  An anaconda (shapeshifter) (Vaults:4)
  A spectral fire giant (Depths:2)
  4 two-headed ogres
  A two-headed ogre (shapeshifter) (Vaults:5)
  29 dancing weapons
  2 death yaks (IceCv)
  3 centaur warriors
  10 anacondas
  2 spectral frost giants (Depths:2)
  6 deep troll shamans
  A spectral stone giant (Depths:2)
  37 hell hogs
  9 deep troll earth magi
  4 tengu warriors
  3 orc high priests (Orc:2)
  7 shock serpents
  Urug (D:12)
  8 vampire magi (Depths:2)
  17 naga sharpshooters
  A titan zombie (Hell)
  14 alligators
  A spectral dire elephant (Tar:1)
  194 sun demons
  Sonja (Lair:3)
  85 soul eaters
  3 spectral storm dragons (Depths:2)
  4 spriggan berserkers (Depths:3)
  3 spectral nagas (Tar:5)
  A hell knight (D:11)
  13 deep elf knights
  6 iron trolls
  3 spectral spark wasps (Depths:2)
  Amaemon (D:8)
  5 shadow wraiths
  51 sixfirhies
  2 salamander mystics (Snake:4)
  4 goliath frogs
  A sea snake (shapeshifter) (Vaults:5)
  26 cherubim (Pan)
  A spectral bunyip (Tar:1)
  A spark wasp zombie (Hell)
  2 spectral hydras
  A storm dragon skeleton (Abyss:2)
  4 wretched stars
  2 spectral anacondas (Tar:1)
  A golden dragon zombie (Hell)
  3 sea snakes (Snake:1)
  11 glowing orange brains
  3 quicksilver dragon simulacra (Coc:1)
  4 death drakes (Depths:2)
  53 deep trolls
  8 lindwurms
  4 flayed ghosts
  12 swamp dragons
  7 starcursed masses
  A bog body (Swamp:2)
  5 spriggan druids
  A shadow dragon zombie (Depths:2)
  2 deep elf archers (Elf:1)
  4 wizards
  3 spriggan simulacra (Coc:1)
  17 shadow demons (Pan)
  2 tengu zombies
  17 ironbound convokers
  13 phantasmal warriors
  10 naga ritualists
  31 deep elf zephyrmancers
  3 orange crystal statues
  6 harpies
  An iron dragon zombie (Hell)
  3 wolf spider zombies (D:15)
  6 orc knights
  6 orc sorcerers
  24 deep elf pyromancers
  2 necromancers
  5 fire giant zombies
  A harpy (shapeshifter) (D:15)
  45 ugly things
  3 spectral spriggans
  A manticore (D:13)
  A faun (shapeshifter) (Vaults:5)
  5 mana vipers
  2 frost giant zombies (Hell)
  5 shining eyes
  5 will-o-the-wisps
  25 moths of wrath
  5 cyclopes
  13 salamanders
  18 elephants
  Maurice (D:8)
  7 centaur zombies (D:15)
  A sphinx skeleton (Depths:2)
  Joseph (D:8)
  10 guardian serpents
  A spectral centaur (Tar:1)
  36 black mambas
  An apocalypse crab (Abyss:3)
  15 naga magi
  5 titan simulacra
  A water nymph (shapeshifter) (Vaults:5)
  6 ice statues
  20 vault sentinels
  12 rust devils
  38 orange demons
  A gargoyle (D:13)
  3 eyes of devastation
  7 cane toads
  7 molten gargoyles
  105 smoke demons
  36 hellions
  Psyche (D:8)
  6 freezing wraiths
  A kobold demonologist (D:11)
  6 spectral swamp worms (Tar:7)
  2 spriggan zombies (Hell)
  2 yaktaurs (shapeshifter)
  34 yaktaurs
  20 tormentors
  66 demonic crawlers
  An unseen horror (D:11)
  5 rime drakes
  2 golden dragon simulacra (Depths:2)
  2 storm dragon simulacra (Depths:2)
  A rime drake (shapeshifter) (Elf:3)
  6 efreet (Pan)
  16 ice devils
  3 tengu conjurers
  7 komodo dragons
  A bunyip simulacrum (Coc:1)
  9 red devils
  33 hellwings
  3 spectral glowing shapeshifters (Depths:2)
  6 guardian mummies (Zot:3)
  2 ancient zymes (Abyss:3)
  9 trolls
  A harpy zombie (D:15)
  4 spectral harpies
  A bloated husk (Swamp:1)
  4 silent spectres
  14 polar bears
  A raiju (Abyss:2)
  A sphinx simulacrum (Depths:2)
  2 tengu simulacra (Depths:2)
  9 tyrant leeches
  24 hornets
  A harpy skeleton (Abyss:3)
  An iron dragon simulacrum (Coc:1)
  13 dream sheep (Lair:3)
  100 slime creatures
  A stone giant simulacrum (Coc:1)
  17 blink frogs
  A meliai zombie (D:15)
  Sigmund (D:5)
  4 air elementals
  8 wyverns
  31 spriggans
  7 wraiths
  2 naga simulacra
  3 shadows
  72 yaks
  64 ynoxinuls (Pan)
  A human (D:11)
  9 water elementals
  2 dire elephant simulacra (Coc:1)
  5 basilisks
  A basilisk (shapeshifter) (D:14)
  74 large abominations
  7 hogs
  6 fire elementals
  7 vampire mosquitoes
  5 golden eyes
  A steam dragon (D:7)
  55 neqoxecs
  31 chaos spawn
  5 wargs
  A swamp worm (shapeshifter) (Vaults:5)
  2 glowing shapeshifter zombies (Hell)
  2 harpy simulacra (Coc:1)
  14 swamp worms
  51 nagas
  2 hydra simulacra
  4 hell hounds (Hell)
  18 water moccasins
  3 floating eyes
  11 swamp drakes
  2 ice beasts
  40 orc warriors
  A black bear (shapeshifter) (D:13)
  8 black bears
  An ettin simulacrum (Coc:1)
  3 hornet zombies (D:15)
  3 ogres
  49 wolves
  12 boggarts
  A phantom (D:6)
  10 centaurs
  5 kobold brigands
  9 bullfrogs
  2 necrophages
  2 gnoll sergeants
  2 glowing shapeshifter simulacra (Depths:2)
  4 earth elementals
  5 scorpions
  7 wights
  5 killer bees
  4 howler monkeys
  6 electric eels (Snake:1)
  2 lava snakes
  23 orc priests
  3 small abominations
  A gnoll bouda (D:7)
  4 hounds
  3 iron imps
  Jessica (D:2)
  3 iguanas
  23 orc wizards
  Natasha (thrice) (D:3)
  7 hell rats
  A boggart simulacrum (D:14)
  A hound skeleton (D:4)
  14 gnolls
  5 adders
  A white imp (D:5)
  An ufetubus (Abyss:1)
  A dart slug (D:5)
  88 orcs
  6 ball pythons
  3 bats
  8 endoplasms
  A giant cockroach (D:4)
  5 goblins
  7 hobgoblins
  31 kobolds
  4 quokkas
  3 frilled lizards
  7 rats
  A bush (Lair:5)
  4 butterflies (Zot:3)
  4 creeping infernos
  22 fire vortices
  2 fungi (Depths:2)
  2 lurking horrors
4226 creatures vanquished.

Vanquished Creatures (collateral kills)
  A juggernaut (Depths:3)
  A tentacled monstrosity (Depths:3)
  2 lorocyprocas (Pan)
  A spark wasp (Depths:3)
  An ironbound frostheart (IceCv)
  A soul eater (Pan)
  A rust devil (Pan)
8 creatures vanquished.

Vanquished Creatures (others)
  A pandemonium lord (Pan)
  2 demonspawn blood saints (Pan)
  A lorocyproca (Pan)
  A yaktaur captain (Vaults:5)
  A vault guard (Vaults:5)
  A hell hog (Geh:1)
  2 deep troll earth magi (Depths:1)
  A deep troll shaman (Depths:1)
  A glowing orange brain (Pan)
  2 deep trolls (Depths:1)
  A wizard (D:14)
  A deep elf pyromancer (Elf:1)
  A smoke demon (Pan)
  A spectral harpy (Tar:1)
  2 bloated husks (Swamp:1)
  2 humans (Lair:4)
  A vampire mosquito (Swamp:1)
  A hell hound (Hell)
  A hell rat (Hell)
  3 ball lightnings (Pan)
  12 foxfires
  87 fungi
  152 plants
  2 starspawn tentacles (Pan)
280 creatures vanquished.

Grand Total: 4514 creatures vanquished

Notes
Turn   | Place    | Note
-------+----------+-------------------------------------------
     0 | D:1      | hikkokomori the Octopode Conjurer began the quest for the
                  | Orb.
     0 | D:1      | Reached XP level 1. HP: 11/11 MP: 3/3
   376 | D:1      | Reached XP level 2. HP: 17/17 MP: 3/5
   490 | D:1      | Found a faded altar of an unknown god.
  1277 | D:1      | Reached XP level 3. HP: 19/21 MP: 1/6
  1365 | D:2      | Identified 3 scrolls of acquirement
  1365 | D:2      | Acquired the ring "Fekaus Cote" {+Blink rN+ Will- Str+3
                  | Int+6}
  1366 | D:2      | Acquired an Inescapable Atlas
  1367 | D:2      | Acquired the ring of the Circus Animal {Drain Fly Dex+6}
  1606 | D:2      | Learned a level 2 spell: Poisonous Vapours
  1952 | D:2      | Noticed Jessica
  1958 | D:2      | Killed Jessica
  1959 | D:2      | Reached skill level 1 in Poison Magic
  1959 | D:2      | Reached XP level 4. HP: 27/27 MP: 0/7
  2664 | D:3      | Found Ymmy Ciutu's Antique Armour Shoppe.
  2690 | D:3      | Learned a level 4 spell: Olgreb's Toxic Radiance
  2769 | D:3      | Reached XP level 5. HP: 31/31 MP: 3/9
  3207 | D:3      | Noticed Natasha
  3213 | D:3      | Killed Natasha
  3375 | D:3      | Noticed Natasha
  3380 | D:3      | Killed Natasha
  3381 | D:3      | Reached skill level 5 in Stealth
  3381 | D:3      | Reached XP level 6. HP: 26/36 MP: 1/11
  3558 | D:3      | Noticed Natasha
  3564 | D:3      | Killed Natasha
  3843 | D:4      | Found Gamycsypi's Antique Armour Boutique.
  3876 | D:4      | Found Tuuwolaw's General Store.
  3961 | D:4      | Found a burning altar of Makhleb.
  3973 | D:4      | Reached XP level 7. HP: 32/41 MP: 11/13
  4012 | D:4      | Found a shadowy altar of Dithmenos.
  4107 | D:4      | Found Koenoidu's Book Boutique.
  4152 | D:4      | Found a snail-covered altar of Cheibriados.
  4521 | D:5      | Entered Level 5 of the Dungeon
  4527 | D:5      | Reached skill level 1 in Fighting
  4527 | D:5      | Reached skill level 1 in Short Blades
  4745 | D:5      | You are sucked into a shaft and drop 1 floor!
  4890 | D:5      | Reached skill level 5 in Poison Magic
  4890 | D:5      | Reached XP level 8. HP: 50/50 MP: 14/14
  4941 | D:5      | Found a glowing silver altar of Zin.
  5022 | D:5      | Noticed Sigmund
  5036 | D:5      | Killed Sigmund
  5140 | D:5      | Reached skill level 5 in Spellcasting
  5851 | D:5      | Found a staircase to the Ecumenical Temple.
  5969 | Temple   | Entered the Ecumenical Temple
  5993 | Temple   | Became a worshipper of Gozag Ym Sagoz the Greedy
  7326 | D:7      | Reached XP level 9. HP: 26/58 MP: 12/17
  7507 | D:7      | Found Dackej's Jewellery Shoppe.
  7684 | D:7      | Found a hazy altar of Hepliaklqana.
  7936 | D:7      | Learned a level 4 spell: Iskenderun's Mystic Blast
  8337 | D:8      | Reached skill level 5 in Fighting
  8337 | D:8      | Reached skill level 5 in Short Blades
  8338 | D:8      | Reached skill level 1 in Translocations
  8338 | D:8      | Reached skill level 1 in Air Magic
  8338 | D:8      | Noticed Joseph
  8344 | D:8      | HP: 1/61 [Joseph/sling bullet (6)]
  8362 | D:8      | Found a stormy altar of Qazlal.
  8413 | D:8      | Reached skill level 5 in Conjurations
  8433 | D:8      | Acquired the ring "Put-Me-On" {rC+ Dex+6}
  8521 | D:8      | Noticed Maurice
  8526 | D:8      | Reached XP level 10. HP: 66/66 MP: 3/19
  8550 | D:8      | Killed Maurice
  8736 | D:8      | Noticed an orange demon
  8737 | D:8      | Noticed Amaemon
  8744 | D:8      | Killed an orange demon
  8752 | D:8      | Killed Amaemon
  8753 | D:8      | Reached skill level 1 in Evocations
  8811 | D:8      | Found a staircase to the Lair.
  9123 | D:8      | Killed Joseph
  9142 | D:8      | Noticed Psyche
  9149 | D:8      | Killed Psyche
  9787 | D:9      | Noticed a two-headed ogre
  9797 | D:9      | Killed a two-headed ogre
  9798 | D:9      | Reached XP level 11. HP: 35/74 MP: 2/22
 10022 | D:9      | Found a sacrificial altar of Ru.
 10024 | D:9      | Noticed a two-headed ogre
 10033 | D:9      | Killed a two-headed ogre
 10228 | D:9      | Found an iron altar of Okawaru.
 10228 | D:9      | Found a shimmering altar of Xom.
 10228 | D:9      | Found a broken altar of Ashenzari.
 10561 | Lair:1   | Entered Level 1 of the Lair of Beasts
 10612 | Lair:1   | Found a frozen archway.
 10626 | Lair:1   | Reached skill level 5 in Translocations
 10749 | IceCv    | Entered an ice cave
 11254 | IceCv    | Reached skill level 5 in Evocations
 11774 | IceCv    | Noticed a white ugly thing
 11785 | IceCv    | Killed a white ugly thing
 11867 | IceCv    | Reached XP level 12. HP: 82/82 MP: 15/24
 12051 | IceCv    | Noticed a death yak
 12052 | IceCv    | Noticed an ironbound frostheart
 12052 | IceCv    | Noticed a death yak
 12052 | IceCv    | Noticed an ironbound frostheart
 12246 | IceCv    | Killed a death yak
 12399 | IceCv    | Killed an ironbound frostheart
 12407 | IceCv    | Killed an ironbound frostheart
 12595 | IceCv    | Killed a death yak
 13932 | Lair:2   | Found a staircase to the Snake Pit.
 14114 | Lair:2   | Reached XP level 13. HP: 68/90 MP: 5/26
 15037 | D:7      | Bought the ring "Vokug" {rElec rF+ Will+ Str+6 Dex+4} for
                  | 923 gold pieces
 15037 | D:7      | Bought the ring of Obsession {Will+++ MP+9 Str-5 Int+6
                  | SInv} for 1086 gold pieces
 15061 | D:8      | Learned a level 7 spell: Storm Form
 15132 | D:10     | Entered Level 10 of the Dungeon
 15313 | D:10     | Reached skill level 10 in Spellcasting
 15313 | D:10     | Reached skill level 1 in Transmutations
 15480 | D:10     | Learned a level 2 spell: Blink
 15484 | D:10     | Learned a level 3 spell: Swiftness
 15596 | D:10     | Noticed Fannar
 15603 | D:10     | Killed Fannar
 16261 | D:11     | Reached skill level 10 in Fighting
 17589 | D:12     | Noticed Urug
 17597 | D:12     | Killed Urug
 17796 | D:12     | Found a staircase to the Orcish Mines.
 18968 | D:13     | Reached skill level 5 in Air Magic
 19439 | D:13     | Reached skill level 5 in Dodging
 19439 | D:13     | Reached XP level 14. HP: 84/99 MP: 28/28
 20599 | D:13     | Found a gate to the Vaults.
 21081 | D:13     | Reached skill level 5 in Transmutations
 21529 | Orc:1    | Entered Level 1 of the Orcish Mines
 21580 | Orc:1    | Found Uwankog's General Store.
 21652 | Orc:1    | Bought 2 potions of curing for 84 gold pieces
 21924 | Orc:2    | Entered Level 2 of the Orcish Mines
 21944 | Orc:2    | Noticed an orc warlord
 21976 | Orc:2    | Killed an orc warlord
 22030 | Orc:2    | Noticed Erolcha
 22037 | Orc:2    | Killed Erolcha
 22646 | Orc:2    | Noticed Donald
 22660 | Orc:2    | Killed Donald
 23167 | Orc:2    | Found a staircase to the Elven Halls.
 23666 | Orc:2    | Found Lueshr Buat's Antique Weapon Emporium.
 24210 | Orc:2    | Noticed an orc warlord
 24227 | Orc:2    | Killed an orc warlord
 24501 | Orc:2    | Found Bueli's Antique Weapon Shoppe.
 24517 | Orc:2    | Found Goaph's Antique Armour Emporium.
 24532 | Orc:2    | Bought a buzzing hat for 270 gold pieces
 24532 | Orc:2    | Identified the +1 hat "Ucuef" {Will+ Slay+3 Stlth+} (You
                  | bought it in a shop on level 2 of the Orcish Mines)
 24736 | Orc:2    | Found Zoahoj's Weapon Boutique.
 24915 | Lair:1   | Bought a potion of haste for 150 gold pieces
 24915 | Lair:1   | Bought a potion of invisibility for 120 gold pieces
 24915 | Lair:1   | Bought a potion of heal wounds for 75 gold pieces
 24921 | Lair:1   | Bought a scroll of identify for 30 gold pieces
 24970 | Lair:3   | Found a staircase to the Swamp.
 24979 | Lair:3   | Noticed Sonja
 24981 | Lair:3   | Reached XP level 15. HP: 86/108 MP: 28/29
 24991 | Lair:3   | Killed Sonja
 24998 | Lair:3   | Reached skill level 1 in Unarmed Combat
 25723 | Lair:4   | Noticed Kirke
 25735 | Lair:4   | Killed Kirke
 26357 | Lair:4   | Found a staircase to the Slime Pits.
 26387 | Lair:5   | Entered Level 5 of the Lair of Beasts
 28362 | D:14     | Reached XP level 16. HP: 51/116 MP: 30/30
 28755 | D:14     | Noticed Josephine
 28766 | D:14     | Killed Josephine
 28772 | D:14     | Reached skill level 5 in Unarmed Combat
 29230 | D:14     | Identified the +11 morningstar "Ubajyeti" {protect, rElec}
 29396 | D:15     | Entered Level 15 of the Dungeon
 29418 | D:15     | Found Vuris's Antique Armour Boutique.
 29588 | D:15     | Reached skill level 10 in Air Magic
 29626 | D:15     | Reached skill level 10 in Dodging
 30000 | D:15     | Found a basalt altar of Yredelemnul.
 30410 | D:15     | Found a staircase to the Depths.
 30788 | Swamp:1  | Entered Level 1 of the Swamp
 30809 | Lair:3   | Bought the ring of the Cricket {rF- rN+ Str+6 Int+4 Slay+3}
                  | for 673 gold pieces
 30996 | Lair:3   | Bought the ring of Gapu {rF+ rN+ Dex+2 Stlth+} for 451 gold
                  | pieces
 32856 | Swamp:2  | Noticed Jorgrun
 32869 | Swamp:2  | Killed Jorgrun
 32870 | Swamp:2  | Reached XP level 17. HP: 77/122 MP: 32/32
 33198 | Swamp:2  | Found a runed translucent gate.
 33199 | Swamp:2  | Found a runed translucent gate.
 33224 | Swamp:2  | Found a runed translucent gate.
 33225 | Swamp:2  | You are sucked into a shaft and drop 1 floor!
 33317 | Swamp:3  | Identified the ring "Hiaryn" {Fly Will+ Slay+3}
 34090 | Swamp:4  | Entered Level 4 of the Swamp
 34940 | Swamp:4  | Reached skill level 10 in Unarmed Combat
 35603 | Swamp:4  | Got a decaying rune of Zot
 36284 | Swamp:2  | Reached XP level 18. HP: 46/131 MP: 33/33
 36809 | Swamp:2  | Noticed Ypsiuj's ghost (adept GnSk)
 36809 | Swamp:2  | Noticed Axikluogo's ghost (adept MiCA)
 36853 | Swamp:2  | Killed Ypsiuj's ghost
 36859 | Swamp:2  | Killed Axikluogo's ghost
 37157 | Snake:1  | Entered Level 1 of the Snake Pit
 38353 | Snake:2  | Reached skill level 10 in Transmutations
 38790 | Snake:2  | Found Atyiqil's Armour Boutique.
 38794 | Snake:2  | Found Ocwylux's Armour Boutique.
 39746 | Snake:2  | Bought an Everburning Encyclopedia for 494 gold pieces
 39746 | Snake:2  | Bought a book of Blood for 532 gold pieces
 39943 | Snake:3  | Found Gaeklal's Weapon Boutique.
 40254 | Snake:4  | Entered Level 4 of the Snake Pit
 40536 | Snake:4  | Reached XP level 19. HP: 127/138 MP: 34/34
 40722 | Snake:4  | Reached skill level 15 in Fighting
 41327 | Snake:4  | Got a serpentine rune of Zot
 41746 | Snake:4  | Reached skill level 10 in Stealth
 41852 | Snake:4  | Found a transporter.
 41876 | Snake:4  | Found a transporter.
 41883 | Snake:4  | Noticed TuffENuff's ghost (adept FoFi)
 42305 | Snake:4  | Identified the +1 pair of gloves of Responsibility {Str+4}
 42944 | Elf:1    | Entered Level 1 of the Elven Halls
 42944 | Elf:1    | Found a runed translucent gate.
 42944 | Elf:1    | Found a runed translucent gate.
 42944 | Elf:1    | Found a runed translucent gate.
 42944 | Elf:1    | Found a runed translucent gate.
 42944 | Elf:1    | Found a runed translucent gate.
 42944 | Elf:1    | Found a runed translucent gate.
 42946 | Elf:1    | Found a runed translucent door.
 42953 | Elf:1    | Found a runed translucent door.
 42977 | Elf:1    | Identified the -1 cloak "Turch" {Str+4}
 43549 | Elf:1    | Noticed Zenata
 43565 | Elf:1    | Killed Zenata
 43811 | Elf:1    | Noticed Frances
 43815 | Elf:1    | Killed Frances
 43962 | Elf:1    | Reached XP level 20. HP: 147/147 MP: 35/35
 43999 | Elf:2    | Found Uxzot's Jewellery Shoppe.
 44045 | Elf:2    | Found Letur's Jewellery Emporium.
 44186 | Elf:2    | Found Qibroetz's General Store.
 44194 | Elf:2    | Bought a scroll of magic mapping for 120 gold pieces
 44232 | Elf:2    | Learned a level 2 spell: Wereblood
 44403 | Elf:2    | Found a huge runed translucent gate.
 44403 | Elf:2    | Found a huge runed translucent gate.
 44403 | Elf:2    | Found a huge runed translucent gate.
 44403 | Elf:2    | Found a huge runed translucent gate.
 44403 | Elf:2    | Found a huge runed translucent gate.
 45572 | Elf:3    | Entered Level 3 of the Elven Halls
 46014 | Elf:3    | Found a runed translucent door.
 46014 | Elf:3    | Noticed stormannn's ghost (adept DECj)
 46266 | Elf:3    | Noticed a Tzitzimitl
 46647 | Elf:3    | Identified the +10 dagger "Xuits" {vamp, rPois Str+3}
 46664 | Elf:3    | Identified the ring of Cummidak {rF+ Dex+2}
 46674 | Elf:3    | Learned a level 5 spell: Yara's Violent Unravelling
 46737 | Elf:3    | Got Sif Muna's Book of Cold
 46764 | Elf:3    | Identified the +2 rapier "Ufomy" {vorpal, Stlth+}
 46767 | Elf:3    | Identified the amulet of the Wary Ghosts {rC+ Regen+ Str-3
                  | Int+5}
 46772 | Elf:3    | Got the Vellum of Blistering Snow
 46779 | Elf:3    | Identified the +9 whip of the Crushed Ziggurats {holy,
                  | +Blink rC- rN++}
 46788 | Elf:3    | Identified the +1 pair of boots of Lucidity {rElec Will+
                  | Stlth+}
 46962 | Elf:3    | Killed stormannn's ghost
 47160 | Vaults:1 | Entered Level 1 of the Vaults
 47170 | Vaults:1 | Learned a level 3 spell: Ignite Poison
 47464 | Vaults:1 | Found Ziusoseax's Assorted Antiques.
 47469 | Vaults:1 | Identified the +6 hand axe of Regicide {venom, rN+ SInv}
 47479 | Vaults:1 | Reached XP level 21. HP: 154/154 MP: 36/36
 47693 | Vaults:1 | Found Feussacu's Antique Weapon Boutique.
 47822 | Vaults:1 | Reached skill level 15 in Dodging
 48085 | Vaults:1 | Reached skill level 15 in Air Magic
 48198 | Vaults:1 | Noticed Saint Roka
 48209 | Vaults:1 | Killed Saint Roka
 48222 | Vaults:1 | Reached skill level 15 in Unarmed Combat
 50187 | Vaults:3 | Learned a level 9 spell: Chain Lightning
 50237 | Vaults:3 | Found a staircase to the Crypt.
 50871 | Vaults:4 | Acquired hikkokomori's Almanac of Stones and the Spider
 50915 | Vaults:4 | Reached XP level 22. HP: 149/164 MP: 37/37
 50919 | Vaults:4 | Found Gyver's Jewellery Emporium.
 51083 | Vaults:4 | Bought an amulet of reflection for 600 gold pieces
 51606 | Vaults:4 | Got Qiadgher's Directory of Generative Evil Liturgies
 52217 | Vaults:5 | Entered Level 5 of the Vaults
 52244 | Vaults:5 | Reached skill level 10 in Conjurations
 52294 | Vaults:5 | Found Pewkiyty's Assorted Antiques.
 52310 | Vaults:5 | Identified the ring of Mughecs {Fly rElec rC+}
 52503 | Vaults:5 | Bought a scroll of acquirement for 1872 gold pieces
 52503 | Vaults:5 | Acquired 837 gold pieces
 53404 | Vaults:5 | Identified the ring "Fewap" {rC+ Int+2 SInv Stlth-}
 53410 | Vaults:5 | Identified the +5 scimitar of Dismemberment {vorpal,
                  | *Corrode rC+++ Int+4}
 53415 | Vaults:5 | Identified the ring "Wasoodipp" {Ice Str+4 Dex+4}
 53783 | Vaults:5 | Reached XP level 23. HP: 171/171 MP: 39/39
 54437 | Vaults:5 | Noticed a golden dragon
 54444 | Vaults:5 | Killed a golden dragon
 54561 | Vaults:5 | Acquired the ring "Ozus" {EV+4 Str+7}
 54607 | Vaults:5 | Got a silver rune of Zot
 54765 | Vaults:5 | Bought a wand of roots (4) for 403 gold pieces
 54765 | Vaults:5 | Bought a short bronze wand for 168 gold pieces
 54765 | Vaults:5 | Bought a wand of roots (4) for 403 gold pieces
 54979 | Depths:1 | Entered Level 1 of the Depths
 54980 | Depths:1 | Found Lepserua's Assorted Antiques.
 54987 | Depths:1 | Bought a steaming platinum amulet for 160 gold pieces
 54987 | Depths:1 | Identified the amulet "Pebbon" {Spirit Dex+2 Stlth+} (You
                  | bought it in a shop on level 1 of the Depths)
 54987 | Depths:1 | Bought a scroll of acquirement for 1664 gold pieces
 54987 | Depths:1 | Acquired the ring of Dithmenos's Reproof {rC+ AC+4 Str-5
                  | Dex+5}
 55447 | Depths:1 | Found a gateway to Hell.
 55626 | Depths:1 | Identified the +0 scale mail of the Morning Star {rElec rF+
                  | Int+3}
 55775 | Depths:1 | Found a gateway to a bazaar.
 56522 | Depths:2 | Noticed a dread lich
 56530 | Depths:2 | Killed a dread lich
 56531 | Depths:2 | Reached XP level 24. HP: 179/179 MP: 39/39
 57324 | Depths:2 | Found a one-way gateway to a ziggurat.
 57340 | Depths:2 | Reached XP level 25. HP: 185/185 MP: 39/39
 57514 | Depths:2 | Found a one-way gate leading to the halls of Pandemonium.
 57633 | Depths:3 | Found a portal to a secret trove of treasure.
 57643 | Depths:3 | Noticed Frederick
 57650 | Depths:3 | Killed Frederick
 57825 | Depths:3 | Found a transporter.
 58215 | Snake:4  | Killed TuffENuff's ghost
 58556 | Vaults:1 | Bought a scroll of fear for 172 gold pieces
 58701 | Depths:3 | You paid a toll of 7 scrolls of fear to enter a treasure
                  | trove
 58702 | Trove    | Entered a treasure trove
 58713 | Trove    | Got Sif Muna's Secrets of Breath and the Lithosphere
 58730 | Trove    | Got Sif Muna's Lessons on Creative Dislocation
 58824 | Depths:3 | Identified the +5 plate armour "Iwnicuqoo" {+Inv}
 58978 | Depths:3 | Found Big Baal Hell's Store.
 59102 | Hell     | Entered the Vestibule of Hell
 59102 | Hell     | Noticed Geryon
 59113 | Hell     | Killed Geryon
 60432 | Hell     | Found a gateway to the freezing wastes of Cocytus.
 60500 | Hell     | Found a gateway to the decaying netherworld of Tartarus.
 60551 | Hell     | Found a gateway to the ashen valley of Gehenna.
 60646 | Hell     | Found a gateway to the Iron City of Dis.
 60926 | Depths:3 | Found a transporter.
 60967 | Depths:3 | Noticed a juggernaut
 60980 | Depths:3 | Paralysed by a floating eye for 4 turns
 61001 | Depths:3 | Killed a juggernaut
 61094 | Depths:3 | Identified the ring "Banof" {Wiz rN+ Int+4 Slay-5}
 61111 | Depths:3 | Identified the +9 sling of Uchiaroa {venom, *Corrode +Blink
                  | rC- Will+++ Str+5}
 61115 | Depths:3 | Identified the ring "Teicem" {rC+ AC+4 Str+2}
 61135 | Depths:3 | Identified the ring of Lugonu's Condemnation {rF++ rCorr
                  | Str+4 Int-2 SInv}
 61474 | Depths:3 | Found a one-way gate to the infinite horrors of the Abyss.
 61527 | Depths:3 | Found Wyques's Book Shop.
 61569 | Depths:3 | Found Gimuw's Jewellery Shoppe.
 61569 | Depths:3 | Found Vaczitwo's Jewellery Shoppe.
 61578 | Depths:3 | Bought the Codex of Violent Permutations for 912 gold
                  | pieces
 61580 | Depths:3 | Bought the amulet "Kiqahov" {Reflect Contam rF++ rC+++
                  | Int-3 SH+5} for 1008 gold pieces
 61750 | Depths:4 | Entered Level 4 of the Depths
 61766 | Depths:4 | Reached XP level 26. HP: 147/194 MP: 39/39
 62072 | Depths:4 | Noticed a juggernaut
 62525 | Depths:4 | Found a gate to the Realm of Zot.
 62644 | Depths:4 | Killed a juggernaut
 62789 | Depths:4 | Identified the +12 chain mail "Aczenid" {Slay+2}
 62993 | Zot:1    | Entered Level 1 of the Realm of Zot
 63805 | Zot:1    | Learned a level 5 spell: Manifold Assault
 65376 | Zot:2    | Identified the +10 spear of Wounding {venom, rPois Stlth+}
 65665 | Zot:2    | Reached skill level 15 in Spellcasting
 66004 | Zot:3    | Found a large runed translucent door.
 66017 | Zot:3    | Found a large runed translucent door.
 66017 | Zot:3    | Found a large runed translucent door.
 66017 | Zot:3    | Found a large runed translucent door.
 66017 | Zot:3    | Found a shimmering altar of Xom.
 66017 | Zot:3    | Found a large runed translucent door.
 66017 | Zot:3    | Noticed a Killer Klown
 66021 | Zot:3    | Noticed a Killer Klown
 66022 | Zot:3    | Identified the +1 robe of Lugonu's Displeasure {rCorr}
 66024 | Zot:3    | Found a large runed translucent door.
 66025 | Zot:3    | Found a large runed translucent door.
 66025 | Zot:3    | Identified the +2 robe "Tiqiestro" {Str+3 Stlth+}
 66025 | Zot:3    | Identified the +3 hand crossbow of Sedixela {freeze, rN+
                  | rCorr Str-4}
 66025 | Zot:3    | Noticed a Killer Klown
 66025 | Zot:3    | Noticed a Killer Klown
 66025 | Zot:3    | Found a large runed translucent door.
 66026 | Zot:3    | Killed a Killer Klown
 66026 | Zot:3    | Noticed a Killer Klown
 66026 | Zot:3    | Identified the +4 battleaxe "Noofo" {chaos, rF+ rCorr SInv}
 66026 | Zot:3    | Noticed a Killer Klown
 66180 | Zot:3    | Killed a Killer Klown
 66462 | Zot:3    | Reached XP level 27. HP: 174/201 MP: 42/42
 67053 | Zot:3    | Gained mutation: You are clumsy. (Dex -2) [mutagenic glow]
 67064 | Zot:3    | Gained mutation: You are dopey. (Int -2) [mutagenic glow]
 67082 | Zot:3    | Gained mutation: You are occasionally teleported next to
                  | monsters. [mutagenic glow]
 68250 | Zot:4    | Found the +4 dragonskin cloak
 68250 | Zot:4    | Noticed Tiamat
 68263 | Zot:4    | Killed Tiamat
 68575 | Zot:5    | Entered Level 5 of the Realm of Zot
 68961 | Zot:5    | Noticed an ancient lich
 68961 | Zot:5    | Noticed an orb of fire
 68961 | Zot:5    | Noticed an ancient lich
 68961 | Zot:5    | Noticed a dread lich
 68964 | Zot:5    | Noticed a dread lich
 68975 | Zot:5    | Killed a dread lich
 68982 | Zot:5    | Killed a dread lich
 68984 | Zot:5    | Killed an ancient lich
 68999 | Zot:5    | Killed an ancient lich
 69001 | Zot:5    | Killed an orb of fire
 69080 | Zot:5    | Noticed an orb of fire
 69081 | Zot:5    | Noticed a dread lich
 69091 | Zot:5    | Noticed an orb of fire
 69092 | Zot:5    | Killed an orb of fire
 69095 | Zot:5    | Noticed an orb of fire
 69096 | Zot:5    | Killed an orb of fire
 69102 | Zot:5    | Killed an orb of fire
 69103 | Zot:5    | Killed a dread lich
 69120 | Zot:5    | Reached skill level 10 in Evocations
 69153 | Zot:5    | Noticed a dread lich
 69160 | Zot:5    | Killed a dread lich
 70066 | Zot:5    | Lost mutation: You are dopey. (Int -2) [potion of mutation]
 70066 | Zot:5    | Lost mutation: You are clumsy. (Dex -2) [potion of
                  | mutation]
 70066 | Zot:5    | Lost mutation: You are occasionally teleported next to
                  | monsters. [potion of mutation]
 70066 | Zot:5    | Gained mutation: Your body sometimes deteriorates upon
                  | taking damage. [potion of mutation]
 70066 | Zot:5    | Gained mutation: Your flesh is cold resistant. (rC+)
                  | [potion of mutation]
 70544 | Slime:1  | Entered Level 1 of the Pits of Slime
 71013 | Slime:5  | Entered Level 5 of the Pits of Slime
 71037 | Slime:5  | Gained mutation: You are dopey. (Int -2) [a shining eye]
 71051 | Slime:5  | Noticed the Royal Jelly
 71063 | Slime:5  | Killed the Royal Jelly
 71095 | Slime:5  | Gained mutation: You occasionally lose the ability to drink
                  | potions when taking damage. [a shining eye]
 71289 | Slime:5  | Identified the amulet "Appoq" {Acrobat Harm rN+ Dex-5}
 71291 | Slime:5  | Got a slimy rune of Zot
 71292 | Slime:5  | Identified the +2 whip "Gollux" {vamp, rF+ rCorr}
 71373 | Slime:5  | Identified the +2 plate armour of Jupnarch {*Slow rC- rN+++
                  | Regen+}
 71404 | Slime:5  | Identified the +6 broad axe of the Sea {drain, Int+3 Dex+2}
 71631 | Slime:1  | You are sucked into a shaft and drop 1 floor!
 72137 | Coc:1    | Entered Level 1 of Cocytus
 72563 | Bazaar   | Entered a bazaar
 72607 | Bazaar   | Found Qaedeun's Jewellery Boutique.
 72629 | Bazaar   | Found Mifi's Antique Weapon Emporium.
 72650 | Bazaar   | Found Dekinosi's Book Boutique.
 72670 | Bazaar   | Found Vewaol's Magic Scroll Shoppe.
 72676 | Bazaar   | Bought 2 scrolls of blinking for 210 gold pieces
 72676 | Bazaar   | Bought a scroll of teleportation for 42 gold pieces
 72860 | Pan      | Entered Pandemonium
 73140 | Pan      | Noticed Jusacuogh the pandemonium lord
 73146 | Pan      | Killed Jusacuogh the pandemonium lord
 73252 | Pan      | Found a runed translucent door.
 73919 | Pan      | Got a demonic rune of Zot
 73962 | Pan      | Identified the +1 pair of gloves "Sac Haic" {Int+6 Dex-2
                  | Slay+5}
 74011 | Pan      | Found an exit through the horrors of the Abyss.
 74258 | Pan      | Noticed Wuisats the pandemonium lord
 74258 | Pan      | Identified the +6 trident of the Cursing Sybil {venom,
                  | Str+3}
 74273 | Pan      | Killed Wuisats the pandemonium lord
 74917 | Pan      | Reached skill level 15 in Conjurations
 75056 | Pan      | Entered the realm of Cerebov.
 75094 | Pan      | Identified the +11 battleaxe of Disorder {drain, Int+2}
 75230 | Pan      | Identified the +3 quarterstaff of Springtime {freeze, Drain
                  | rC+ Dex+3 Stlth+}
 75348 | Pan      | Found the +6 sword of Cerebov {flame}
 75348 | Pan      | Noticed Cerebov
 75357 | Pan      | HP: 10/207 [Cerebov/the +6 sword of Cerebov {flame} (1)]
 76012 | Pan      | Reached skill level 15 in Transmutations
 76519 | Pan      | Identified the +1 lajatang of Destiny {vamp, Str-5 Int+6}
 76551 | Pan      | Killed Cerebov
 76616 | Pan      | Got a fiery rune of Zot
 76629 | Pan      | Identified the +1 robe of Quets {Fly rN++}
 76811 | Pan      | Noticed Iweew the pandemonium lord
 76831 | Pan      | Killed Iweew the pandemonium lord
 76851 | Pan      | Lost mutation: You are dopey. (Int -2) [a neqoxec]
 77041 | Pan      | Entered the realm of Lom Lobon.
 77140 | Pan      | Noticed Lom Lobon
 77175 | Pan      | Killed Lom Lobon
 77197 | Pan      | Got a magical rune of Zot
 77620 | Pan      | Found an exit through the horrors of the Abyss.
 77662 | Pan      | Entered the realm of Gloorx Vloq.
 77669 | Pan      | Learned a level 3 spell: Ozocubu's Armour
 77681 | Pan      | Learned a level 8 spell: Maxwell's Capacitive Coupling
 77795 | Pan      | Noticed Gloorx Vloq
 77803 | Pan      | Killed Gloorx Vloq
 77812 | Pan      | Got a dark rune of Zot
 77964 | Pan      | Found an exit through the horrors of the Abyss.
 78211 | Pan      | Identified the +5 flail of Terra Cotta {flame, Int+5}
 78419 | Pan      | Noticed Pajajat the pandemonium lord
 78423 | Pan      | Killed Pajajat the pandemonium lord
 78623 | Pan      | Noticed Uleffa the pandemonium lord
 78647 | Pan      | Killed Uleffa the pandemonium lord
 78974 | Pan      | Paralysed by accursed screaming for 1 turns
 79094 | Pan      | Identified the +1 robe "Coner" {+Blink Will- Int+6}
 79273 | Pan      | Found an exit through the horrors of the Abyss.
 79504 | Pan      | Noticed Myfal the pandemonium lord
 79518 | Pan      | Killed Myfal the pandemonium lord
 80146 | Pan      | Gained mutation: You are dopey. (Int -2) [a neqoxec]
 80379 | Pan      | Entered the realm of Mnoleg.
 80405 | Pan      | Gained mutation: You are weak. (Str -2) [a cacodemon]
 80406 | Pan      | Identified the +7 trident of Quick Death {drain, rF+ rC+}
 80547 | Pan      | Identified the ring "Dogread" {Fly rC+ Dex+4}
 80554 | Pan      | Gained mutation: Potions are less effective at restoring
                  | your health. [a cacodemon]
 80610 | Pan      | Found an exit through the horrors of the Abyss.
 80613 | Pan      | Gained mutation: You are frail. (-10% HP) [a neqoxec]
 80633 | Pan      | Gained mutation: Your body often deteriorates upon taking
                  | damage. [a cacodemon]
 80635 | Pan      | Gained mutation: Your spells are a little easier to cast,
                  | but a little less powerful. [a cacodemon]
 80643 | Pan      | Gained mutation: You are very weak. (Str -4) [a cacodemon]
 80645 | Pan      | Gained mutation: You have hidden genetic defects. [a
                  | neqoxec]
 80645 | Pan      | Gained mutation: You occasionally lose the ability to read
                  | scrolls when taking damage. [a cacodemon]
 80646 | Pan      | Gained mutation: You sometimes lose the ability to read
                  | scrolls when taking damage. [a cacodemon]
 80649 | Pan      | Gained mutation: You are very dopey. (Int -4) [a cacodemon]
 80703 | Pan      | Lost mutation: You have hidden genetic defects. [potion of
                  | mutation]
 80703 | Pan      | Lost mutation: You sometimes lose the ability to read
                  | scrolls when taking damage. [potion of mutation]
 80703 | Pan      | Lost mutation: You are very weak. (Str -4) [potion of
                  | mutation]
 80703 | Pan      | Lost mutation: You are very dopey. (Int -4) [potion of
                  | mutation]
 80704 | Pan      | Lost mutation: Your body often deteriorates upon taking
                  | damage. [potion of mutation]
 80704 | Pan      | Lost mutation: You are weak. (Str -2) [potion of mutation]
 80704 | Pan      | Lost mutation: Potions are less effective at restoring your
                  | health. [potion of mutation]
 80704 | Pan      | Gained mutation: Your flesh is very cold resistant. (rC++)
                  | [potion of mutation]
 80705 | Pan      | Lost mutation: You occasionally lose the ability to drink
                  | potions when taking damage. [potion of mutation]
 80705 | Pan      | Lost mutation: You are frail. (-10% HP) [potion of
                  | mutation]
 80705 | Pan      | Lost mutation: You occasionally lose the ability to read
                  | scrolls when taking damage. [potion of mutation]
 80705 | Pan      | Gained mutation: You are clumsy. (Dex -2) [potion of
                  | mutation]
 80705 | Pan      | Gained mutation: Your spells are easier to cast, but less
                  | powerful. [potion of mutation]
 80705 | Pan      | Gained mutation: You passively dampen the noise of your
                  | surroundings. [potion of mutation]
 80707 | Pan      | Lost mutation: You are clumsy. (Dex -2) [potion of
                  | mutation]
 80707 | Pan      | Lost mutation: Your spells are easier to cast, but less
                  | powerful. [potion of mutation]
 80707 | Pan      | Lost mutation: You are dopey. (Int -2) [potion of mutation]
 80707 | Pan      | Lost mutation: Your spells are a little easier to cast, but
                  | a little less powerful. [potion of mutation]
 80854 | Pan      | Noticed Mnoleg
 80862 | Pan      | Killed Mnoleg
 80878 | Pan      | Got a glowing rune of Zot
 81099 | Pan      | Found an exit through the horrors of the Abyss.
 81124 | Pan      | Noticed Woabreucaitz the pandemonium lord
 81129 | Pan      | Killed Woabreucaitz the pandemonium lord
 81192 | Pan      | Reached skill level 1 in Ice Magic
 81840 | Pan      | Noticed Ygoib the pandemonium lord
 81850 | Pan      | Killed Ygoib the pandemonium lord
 82060 | Pan      | Found an exit through the horrors of the Abyss.
 82093 | Pan      | Acquired 1091 gold pieces
 83105 | Pan      | Found an exit through the horrors of the Abyss.
 83360 | Pan      | Noticed Qaeze the pandemonium lord
 83369 | Pan      | Killed Qaeze the pandemonium lord
 84003 | Pan      | Found an exit through the horrors of the Abyss.
 84621 | Pan      | Noticed Zelu the pandemonium lord
 84633 | Pan      | Killed Zelu the pandemonium lord
 85459 | Pan      | Gained mutation: Your magical capacity is low. (-10% MP) [a
                  | neqoxec]
 85461 | Pan      | Gained mutation: You are frail. (-10% HP) [a neqoxec]
 85479 | Pan      | Noticed Iteruxt the pandemonium lord
 85494 | Pan      | Killed Iteruxt the pandemonium lord
 86040 | Pan      | Noticed Lezietiu the pandemonium lord
 86048 | Pan      | Killed Lezietiu the pandemonium lord
 86975 | Pan      | Noticed Yfoafror the pandemonium lord
 86987 | Pan      | Killed Yfoafror the pandemonium lord
 87475 | Pan      | Found an exit through the horrors of the Abyss.
 87673 | Pan      | Found an exit through the horrors of the Abyss.
 87735 | Pan      | Took an exit into the Abyss.
 87735 | Abyss:1  | Escaped into the Abyss
 87743 | Abyss:1  | Found a corrupted altar of Lugonu.
 87870 | Abyss:1  | Found a transporter.
 87870 | Abyss:1  | Found a corrupted altar of Lugonu.
 87966 | Abyss:2  | Found a corrupted altar of Lugonu.
 88274 | Abyss:3  | Paralysed by accursed screaming for 1 turns
 88456 | Depths:2 | Escaped the Abyss
 88471 | Depths:2 | Bought a potion of might for 64 gold pieces
 88471 | Depths:2 | Bought a potion of ambrosia for 128 gold pieces
 88471 | Depths:2 | Bought a potion of heal wounds for 80 gold pieces
 88473 | Depths:2 | Bought a potion of curing for 66 gold pieces
 88473 | Depths:2 | Bought a potion of might for 88 gold pieces
 88473 | Depths:2 | Bought a potion of heal wounds for 110 gold pieces
 88473 | Depths:2 | Bought a potion of mutation for 176 gold pieces
 88504 | Pan      | Entered Pandemonium
 88584 | Pan      | Noticed Rad Rask the pandemonium lord
 88585 | Pan      | Gained mutation: You are very frail. (-20% HP) [a neqoxec]
 88633 | Pan      | Killed Rad Rask the pandemonium lord
 89227 | Pan      | Noticed Fuziclyq the pandemonium lord
 89244 | Pan      | Killed Fuziclyq the pandemonium lord
 90557 | Pan      | Found a glowing silver altar of Zin.
 91409 | Pan      | Found a white marble altar of Elyvilon.
 92333 | Pan      | Identified the +0 tower shield "Icwodupt" {rPois rC+ Int-5
                  | Dex+2}
 92625 | Pan      | Identified the +0 tower shield of the Chupacabra {+Inv}
 93168 | Pan      | Noticed a seraph
 93169 | Pan      | Found a glowing golden altar of the Shining One.
 93173 | Pan      | Killed a seraph
 93450 | Pan      | Identified the +1 spear of Disaster {drain, Str+5}
 93475 | Pan      | Identified the +3 short sword of Ragnarok {vorpal, rF+}
 94294 | Pan      | Identified the +1 tower shield "Ocomebio" {rPois Str+2
                  | Int-4 SInv}
 95299 | Depths:2 | Escaped Pandemonium
 95338 | Pan      | Entered Pandemonium
 95338 | Pan      | Found an exit through the horrors of the Abyss.
 95578 | Pan      | Noticed Gestroz the pandemonium lord
 95589 | Pan      | Killed Gestroz the pandemonium lord
 96053 | Pan      | Found an exit through the horrors of the Abyss.
 96479 | Pan      | Noticed Delex the pandemonium lord
 96481 | Pan      | Killed Delex the pandemonium lord
 96661 | Pan      | Found an exit through the horrors of the Abyss.
 97797 | Pan      | Found an exit through the horrors of the Abyss.
 97948 | Pan      | Found a runed translucent door.
 98212 | Pan      | Noticed Waostril the pandemonium lord
 98217 | Pan      | Killed Waostril the pandemonium lord
 98563 | Pan      | Noticed Secwe Ita the pandemonium lord
 98571 | Pan      | Killed Secwe Ita the pandemonium lord
 99173 | Pan      | Found a huge runed translucent gate.
 99238 | Pan      | Found an exit through the horrors of the Abyss.
 99442 | Pan      | Found a huge runed translucent gate.
 99443 | Pan      | Found a huge runed translucent gate.
 99443 | Pan      | Found a huge runed translucent gate.
 99443 | Pan      | Found a huge runed translucent gate.
 99443 | Pan      | Found a huge runed translucent gate.
 99514 | Pan      | Found a huge runed translucent gate.
 99523 | Pan      | Noticed Venniras the pandemonium lord
 99532 | Pan      | Killed Venniras the pandemonium lord
 99851 | Pan      | Found an exit through the horrors of the Abyss.
100597 | Pan      | Noticed Ixowyfoh the pandemonium lord
100603 | Pan      | Killed Ixowyfoh the pandemonium lord
101144 | Pan      | Reached skill level 15 in Stealth
101297 | Pan      | Found an exit through the horrors of the Abyss.
101594 | Pan      | Found an exit through the horrors of the Abyss.
101631 | Pan      | Noticed Quboyx the pandemonium lord
101643 | Pan      | Killed Quboyx the pandemonium lord
101925 | Pan      | Identified the amulet "Fiydghocwa" {RegenMP SInv}
102471 | Pan      | Found an exit through the horrors of the Abyss.
102543 | Pan      | Found a runed translucent door.
102547 | Pan      | Found a runed translucent door.
102551 | Pan      | Found a runed translucent door.
102557 | Pan      | Noticed Daukutro the pandemonium lord
102560 | Pan      | Killed Daukutro the pandemonium lord
102573 | Pan      | Found a runed translucent door.
102697 | Pan      | Noticed Ylilante the pandemonium lord
102701 | Pan      | Killed Ylilante the pandemonium lord
102714 | Pan      | Identified the +2 chain mail of Slovenliness {rC- rN++
                  | Str+4 Slay+3}
102982 | Pan      | Noticed Nuunyuhe the pandemonium lord
102993 | Pan      | Killed Nuunyuhe the pandemonium lord
103493 | Pan      | Found an exit through the horrors of the Abyss.
103825 | Pan      | Noticed Harael the pandemonium lord
103847 | Pan      | Killed Harael the pandemonium lord
103958 | Pan      | Noticed Coisac the pandemonium lord
103970 | Pan      | Killed Coisac the pandemonium lord
104907 | Pan      | Found an exit through the horrors of the Abyss.
104970 | Pan      | Took an exit into the Abyss.
104970 | Abyss:3  | Escaped into the Abyss
105016 | Depths:2 | Escaped the Abyss
105042 | Depths:2 | Upgraded the game from 0.29.1-12-g30fa7ad0bf to
                  | 0.29.1-13-g9f3cf754e1
105246 | Tar:1    | Entered Level 1 of Tartarus
105280 | Tar:1    | Reached skill level 1 in Shields
105650 | Tar:2    | You are sucked into a shaft and drop 1 floor!
107031 | Tar:7    | Entered Level 7 of Tartarus
108297 | Tar:7    | Identified the +7 arbalest "Bueskuc" {penet, rF+ rN+
                  | Stlth+}
108384 | Tar:7    | Identified the +1 mace "Xeuwah" {flame, Will+ Str+3}
108448 | Tar:7    | Bought a masterwork rapier for 360 gold pieces
108448 | Tar:7    | Identified the +3 rapier "Zafriow" {vorpal, rF+ rC+ Int+2}
                  | (You bought it in a shop on level 7 of Tartarus)
108448 | Tar:7    | Bought 2 scrolls of teleportation for 240 gold pieces
108448 | Tar:7    | Bought a glowing plate armour for 1040 gold pieces
108448 | Tar:7    | Bought a potion of haste for 400 gold pieces
108455 | Tar:7    | Bought an ancient flail for 340 gold pieces
108455 | Tar:7    | Identified the +3 flail "Tyuhuam" {antimagic, Fly rCorr
                  | SInv} (You bought it in a shop on level 7 of Tartarus)
108824 | Tar:7    | Got the Omnibus of the Teacher
109479 | Tar:7    | Noticed Ereshkigal
109496 | Tar:7    | Killed Ereshkigal
109534 | Tar:7    | Identified the +1 leather armour of Annoewof {rF- Str+3
                  | Stlth+}
109537 | Tar:7    | Identified the +1 leather armour of a wizard's laboratory
                  | {*Slow rC+ rCorr Str+3}
109538 | Tar:7    | Found the +2 Maxwell's thermic engine {flame, freeze}
109540 | Tar:7    | Got a bone rune of Zot
109541 | Tar:7    | Identified the +1 robe of Omission {Will+ Dex+3}
109542 | Tar:7    | Identified the +4 longbow of Eternal Harmony {venom, Fly
                  | rElec Will+ Dex-3}
109547 | Tar:7    | Identified the +5 flail of Neubb {vamp, *Corrode rF+++
                  | Int+4}
110886 | Geh:1    | Entered Level 1 of Gehenna
112016 | Geh:4    | Noticed a dread lich
112024 | Geh:4    | Killed a dread lich
112025 | Geh:4    | Reached skill level 5 in Shields
112297 | Geh:5    | Noticed a dread lich
112312 | Geh:5    | Killed a dread lich
113415 | Geh:7    | Entered Level 7 of Gehenna
113678 | Geh:7    | Found the +7 sceptre of Asmodeus
113678 | Geh:7    | Noticed Asmodeus
113693 | Geh:7    | Killed from afar by a hellion

Illustrated notes

Levels and vault maps discovered:
D:1:      minmay_arrival_hallway, layout_loops_corners, basic_ecumenical_altar,
          minmay_unequal
D:2:      layout_loops_ring, uniq_jessica
D:3:      layout_basic, serial_shops, nicolae_shop_advertising_works
          [nicolae_subvault_shop_adworks], minmay_shallow_snake_nest,
          uniq_natasha
D:4:      layout_rooms, grunt_dithmenos_smoke_and_mirrors,
          makhleb_blood_cavern_becter, slow_altar_1, serial_shops,
          nicolae_square_shop, nicolae_shop_temple_entry_statues_fountains,
          kennysheep_mini_moat, chequers_serial_rivers_large_a,
          minmay_fractal_squares_gapless_5
D:5:      layout_layer_cave, mainiacjoe_overflow_cross_hatched,
          lemuel_temple_firewalk_b, uniq_sigmund
D:6:      layout_basic
D:7:      layout_basic, nicolae_hepliaklqana_hazy_memory, serial_shops,
          nicolae_stop_n_shop_2
D:8:      layout_basic, nicolae_qazlal_style_of_elements,
          grunt_lair_entry_orc_guard_hut, uniq_amaemon, uniq_psyche,
          uniq_joseph, uniq_maurice
D:9:      layout_roguey, nicolae_overflow_crystal_walls,
          gammafunk_temple_overflow_claw
D:10:     layout_loops_ring, uniq_fannar
D:11:     layout_long_grid, grunt_livestock, kennysheep_island_fort
D:12:     layout_basic, orc_0_dummy, serial_glass, glass_columns_a,
          glass_columns_a, glass_columns_a, glass_columns_a, glass_columns_a,
          glass_columns_a, uniq_urug
D:13:     layout_cave_pods, david_vaults_2
D:14:     layout_cave_pools, grunt_decor_junction, minmay_protected_statue,
          uniq_josephine
D:15:     grunt_enter_depths_hoard, layout_rooms, minmay_misc_feat_diagonals,
          serial_shops, shop, nicolae_yredelemnul_corpse_copse
Temple:   nicolae_temple_bog_church
Lair:1:   layout_loops_ring, portal_ice_cave_demonic_guard, grunt_megastairs_2
Lair:2:   layout_roguey, guppyfry_snake_entry_island
Lair:3:   layout_cave_shapes, minmay_swamp_entry_reptiles, uniq_sonja
Lair:4:   layout_roguey, slime_entry_1, grunt_megastairs_3, uniq_kirke
Lair:5:   minmay_lair_end_enchanted_forest, layout_long_grid,
          infiniplex_staircase_pool_2
Swamp:1:  layout_basic_swamp, infiniplex_staircase_pool
Swamp:2:  layout_basic_swamp, gammafunk_ghost_cemetery,
          evilmike_swamp_ruin_house_5, swamp_pool2, uniq_jorgrun
Swamp:3:  layout_basic_swamp, evilmike_swamp_ruin_rubble_2
Swamp:4:  swamp, layout_basic_swamp
Snake:1:  layout_onion_interference, serial_bayou_lake_a, serial_bayou_shore_a
Snake:2:  layout_grid_shapes, minmay_shop_star
Snake:3:  layout_rooms, serial_shops,
          nicolae_shop_temple_entry_statues_fountains
Snake:4:  grunt_snake_rune_spirals, layout_concentric_octagons,
          gammafunk_ghost_berserking_beasts
Slime:1:  layout_caves
Slime:2:  layout_caves, nicolae_slime_welcoming_committee
Slime:3:  layout_caves
Slime:4:  layout_caves, nicolae_slime_phagocytosis
Slime:5
Orc:1:    layout_caves, basic_altar, serial_shops, nicolae_shop_waterfront
Orc:2:    grunt_orc_community_town_hall, layout_diamond_mine,
          grunt_orc_community_big_house_2, grunt_orc_community_big_house_2,
          grunt_orc_community_house_3, grunt_orc_community_house_1,
          grunt_orc_community_house_3, grunt_orc_community_house_1,
          guppyfry_orc_lava_fort, uniq_donald, uniq_erolcha
Elf:1:    nicolae_elf_arrival_dilemma, layout_geoelf_grid,
          kennysheep_underground_church, patterned_corridor, uniq_zenata,
          uniq_frances
Elf:2:    elven_hall_of_blades_hangedman_alternative [nicolae_blade_bullseye],
          layout_loops_cross, serial_shops, nicolae_lakefront_shop,
          nicolae_shop_crystal, shop, lemuel_upstairs_altar
Elf:3:    elf_hall, layout_gridlike, hellmonk_ghost_happy_afterlife,
          minivault_28
Vaults:1: st_smaller_cells, hangedman_vaults_impose, v_rooms_4,
          nicolae_vaults_little_ls, v_misc_22, nicolae_vaults_network_square,
          vaults_room_corners, ontoclasm_vaults_pinch,
          ontoclasm_vaults_misaligned, nicolae_vaults_ring_of_whatevers,
          grunt_vaults_bifocal, nicolae_vaults_diagonal_hallway_7,
          ontoclasm_vaults_decontamination, v_rooms_2, layout_vaults_maze_bifur,
          serial_shops, shop, shop, uniq_saint_roka
Vaults:2: nicolae_vaults_murderbox, ontoclasm_vaults_chip,
          nicolae_vaults_big_angled_halls, nicolae_vaults_stairing_the_circle,
          nicolae_vaults_network_s, nicolae_vaults_bisected_exclaves,
          nicolae_vaults_circle_grid_a, hangedman_vaults_maws,
          nicolae_vaults_network_star, ontoclasm_vaults_ligature,
          nicolae_vaults_little_squares_4, layout_vaults_ring, serial_shops,
          nicolae_lakefront_shop, uniq_mennas, uniq_sojobo
Vaults:3: minmay_crypt_entry_simple_corners, ontoclasm_vaults_eye,
          nicolae_vaults_little_squares_5, nicolae_vaults_big_angled_halls,
          vaults_mumra_chevron_long, vaults_room_fancy_cross,
          nicolae_vaults_diagonal_hallway_6, nicolae_vaults_little_squares_1,
          st_lattice, v_misc_10, nicolae_vaults_alarming,
          ontoclasm_vaults_gateway, layout_vaults_omnigrid
Vaults:4: hangedman_vaults_restitches, v_misc_24, vaults_dpeg_cross,
          nicolae_vaults_circle_grid_b, vaults_room_fancy_cross,
          ontoclasm_vaults_twist, hangedman_vaults_capsules, v_misc_31,
          v_misc_17, nicolae_vaults_little_squares_6,
          nicolae_vaults_little_squares_2, vaults_standard_mumra_lines,
          layout_vaults_omnicross, serial_shops, shop
Vaults:5: serial_shops
Depths:1: layout_twisted_cross, grunt_hell_entry_dis_mu, serial_shops,
          freezing_bzr, nicolae_square_shop, nicolae_lava_and_water,
          kennysheep_generic_room_14, nicolae_triple_integral, firewood_loft
Depths:2: lemuel_river_lethe, hell_entry, pan_entry
Depths:3: gammafunk_dig_for_victory, layout_basic, abyss_entry,
          nicolae_hell_entry_big_baal_hell, enter_trove_0,
          kennysheep_nondecorative_pillar, serial_bayou_shore_b,
          minmay_staircase_bubble, minmay_shop_grove, serial_bayou_shore_b,
          uniq_frederick
Depths:4: evilmike_zot_entry_argh, layout_cave_pools, hell_entry,
          chequers_serial_rivers_room_a, uniq_josephina
Hell
Geh:1:    layout_gehenna_pools_box, evilmike_ambush
          [evilmike_ambush_outer_basic, evilmike_ambush_inner_basic]
Geh:2:    layout_gehenna_lava_caves, nicolae_geh_gnashing_of_teeth
Geh:3:    layout_gehenna_pools_basic
Geh:4:    layout_gehenna_pools_basic
Geh:5:    layout_gehenna_pools_triple
Geh:6:    layout_gehenna_lava_caves, nicolae_geh_single_fiery_grave
Geh:7:    geh_grunt
Coc:1:    layout_cocytus_delve, nicolae_hells_seeping_fissure
Tar:1:    layout_grid_maze, nicolae_tar_just_some_guys
Tar:2:    minmay_shadows, layout_catacombs
Tar:3:    layout_cathedral_of_symmetry
Tar:4:    layout_grid_maze, evilmike_ambush [evilmike_ambush_outer_corners,
          evilmike_ambush_inner_wall_1]
Tar:5:    layout_grid_maze
Tar:6:    layout_grid_maze
Tar:7:    tar_minmay_river
Zot:1:    layout_onion
Zot:2:    layout_gridlike
Zot:3:    layout_concentric_octagons, hangedman_xom_zot_hilarity
Zot:4:    layout_cathedral_of_symmetry, bh_zot_lava_cross, uniq_tiamat
Zot:5:    layout_twisted_circle

Skill      XL: |  1  2  3  4  5  6  7  8  9 10 11 12 13 14 15 16 17 18 19 20 21 22 23 24 25 26 27 |
---------------+----------------------------------------------------------------------------------+-----
Stealth        | 3 4 5 6 8 10 22 | 22.3
Poison Magic   | 1 2 4 5 6 7 |  7.3
Spellcasting   | 3 4 5 6 7 8 9 10 11 12 15 22 | 22.5
Fighting       | 2 4 5 6 8 9 10 11 12 13 14 15 16 17 18 19 26 | 26.6
Short Blades   | 2 4 5 |  5.6
Translocations | 2 4 6 7 8 9 |  9.7
Air Magic      | 2 5 7 9 10 11 12 13 14 15 16 17 18 19 26 | 26.1
Conjurations   | 5 6 7 9 10 11 12 13 21 | 21.0
Evocations     | 3 5 6 10 | 10.5
Transmutations | 4 6 8 9 10 11 12 14 22 | 22.0
Dodging        | 5 7 9 10 11 12 13 14 15 16 17 18 24 | 24.0
Unarmed Combat | 4 8 11 12 13 14 15 16 17 18 19 26 | 26.2
Ice Magic      | 3 |  3.1
Shields        | 7 |  7.8

Action                   |  1- 3 |  4- 6 |  7- 9 | 10-12 | 13-15 | 16-18 | 19-21 | 22-24 | 25-27 || total
-------------------------+-------+-------+-------+-------+-------+-------+-------+-------+-------++-------
Melee: Unarmed           |    20 |       |       |       |   242 |   678 |   667 |   548 |  4242 ||  6397
       Constrict         |     5 |     9 |    22 |    11 |    31 |     2 |     2 |     5 |    13 ||   100
       Tentacles         |     3 |     9 |    40 |    32 |    70 |     6 |     4 |     7 |    19 ||   190
       Dagger            |       |    51 |   157 |   137 |   214 |    13 |    14 |     5 |       ||   591
       Punch             |       |       |     5 |     4 |    13 |    71 |    82 |    85 |   804 ||  1064
       Staff             |       |       |     3 |     1 |       |       |       |       |       ||     4
       Scimitar          |       |       |       |       |       |       |       |     6 |    64 ||    70
 Cast: Magic Dart        |    38 |    15 |     7 |     1 |     3 |       |       |       |     2 ||    66
       Poisonous Vapours |     6 |       |       |     3 |     5 |       |       |       |       ||    14
       Olgreb's Toxic Ra |       |    11 |    34 |    62 |   128 |    11 |     2 |     1 |       ||   249
       Iskenderun's Myst |       |       |     2 |    61 |   104 |     7 |     1 |       |     2 ||   177
       Storm Form        |       |       |       |       |    20 |    62 |    50 |    40 |   357 ||   529
       Blink             |       |       |       |       |     1 |       |       |     1 |     4 ||     6
       Wereblood         |       |       |       |       |       |       |    15 |    17 |    94 ||   126
       Swiftness         |       |       |       |       |       |       |     1 |       |     5 ||     6
       Ignite Poison     |       |       |       |       |       |       |     1 |       |       ||     1
       Manifold Assault  |       |       |       |       |       |       |       |       |    62 ||    62
       Chain Lightning   |       |       |       |       |       |       |       |       |   120 ||   120
       Ozocubu's Armour  |       |       |       |       |       |       |       |       |     2 ||     2
       Maxwell's Capacit |       |       |       |       |       |       |       |       |     2 ||     2
       Yara's Violent Un |       |       |       |       |       |       |       |       |     1 ||     1
Invok: Call Merchant     |       |       |       |       |     3 |     3 |     2 |     1 |     7 ||    16
       Potion Petition   |       |       |       |       |       |       |     1 |       |    10 ||    11
 Abil: Evoke Blink       |       |       |     1 |       |       |       |     2 |       |     3 ||     6
       Blinkbolt         |       |       |       |       |     2 |    16 |     9 |     8 |    97 ||   132
       End Transformatio |       |       |       |       |       |       |       |       |     1 ||     1
Evoke: Wand              |       |       |     8 |    28 |    29 |     2 |     1 |       |    18 ||    86
       Lightning rod     |       |       |       |       |    11 |       |       |       |       ||    11
       Condenser vane    |       |       |       |       |       |       |       |       |     2 ||     2
  Use: Scroll            |     3 |       |     8 |    15 |     5 |     5 |     7 |     3 |    28 ||    74
       Potion            |       |       |       |     4 |     5 |       |     3 |     3 |    39 ||    54
 Stab: Sleeping          |       |     9 |    10 |     2 |     7 |     4 |    12 |    10 |    39 ||    93
       Distracted        |       |       |       |     1 |    13 |    27 |    16 |    22 |   144 ||   223
       Confused          |       |       |       |       |     1 |       |       |       |       ||     1
       Petrified         |       |       |       |       |       |     3 |       |       |       ||     3
       Invisible         |       |       |       |       |       |       |       |    12 |    13 ||    25
Armor: Skin              |       |       |    13 |     9 |    73 |   158 |    90 |    58 |   455 ||   856
Dodge: Dodged            |    10 |    21 |    89 |   137 |   447 |   933 |   656 |   533 |  3425 ||  6251
Block: Other             |       |       |       |       |       |       |       |    58 |   515 ||   573
       Reflection        |       |       |       |       |       |       |       |     1 |    14 ||    15
       Kite shield       |       |       |       |       |       |       |       |       |    18 ||    18
